 Dungeon Crawl Stone Soup version 0.25-a0-576-g50b708a4c4 (webtiles) character file.

Game seed: 15372375425641539740, levelgen mode: deterministic

812 Eurus the Conjurer (level 8, -12/58 HPs)
             Began as a Human Conjurer on Mar 1, 2020.
             Mangled by Prince Ribbit (17 damage)
             ... on level 5 of the Dungeon.
             The game lasted 00:16:50 (5985 turns).

Eurus the Conjurer (Human Conjurer)                 Turns: 5985, Time: 00:16:50

Health: -12/58     AC:  4    Str:  9    XL:     8   Next: 15%
Magic:  3/15       EV: 12    Int: 18    God:
Gold:   266        SH:  0    Dex: 13    Spells: 13/16 levels left

rFire    . . .     SeeInvis .   n - +0 dagger (venom)
rCold    . . .     Gourm    .   (no shield)
rNeg     . . .     Faith    .   a - +0 robe
rPois    .         Spirit   .   (no helmet)
rElec    .         Reflect  .   v - +1 cloak
rCorr    .         Harm     .   (no gloves)
MR       .....                  (no boots)
Stlth    ++........             (no amulet)
HPRegen  0.19/turn              (no ring)
MPRegen  0.14/turn              (no ring)

@: no status effects
A: no striking features
a: no special abilities


You were on level 5 of the Dungeon.
You were not hungry.

You visited 1 branch of the dungeon, and saw 5 of its levels.

You collected 266 gold pieces.

Inventory:

Hand Weapons
 n - a +0 dagger of venom (weapon)
Armour
 a - a +0 robe (worn)
 q - a cursed -1 ring mail
 v - a +1 cloak (worn)
Wands
 e - a wand of paralysis (9)
 f - a wand of enslavement (5)
 o - a wand of digging (6)
Scrolls
 b - a scroll of noise {unknown}
 g - a scroll of fear {unknown}
 h - a scroll of remove curse {unknown}
 k - 3 scrolls of teleportation {unknown}
 l - 6 scrolls of identify {unknown}
 p - a scroll of enchant armour {unknown}
 s - a scroll of magic mapping {unknown}
 u - a scroll of amnesia {unknown}
Potions
 d - 3 potions of heal wounds {unknown}
 i - 2 potions of might {unknown}
 j - 2 potions of invisibility {unknown}
 m - 2 potions of curing {unknown}
 r - a potion of degeneration {unknown}
 t - a potion of flight {unknown}
Comestibles
 c - 11 rations


   Skills:
 + Level 3.3 Fighting
 + Level 3.0 Armour
 + Level 2.3 Dodging
 - Level 2.0 Stealth
 * Level 4.8 Spellcasting
 * Level 6.3 Conjurations


You had 13 spell levels left.
You knew the following spells:

 Your Spells              Type           Power        Failure   Level  Hunger
a - Magic Dart            Conj           ####         1%          1    None
b - Searing Ray           Conj           ####..       1%          2    #......

Your spell library contained the following spells:

 Spells                   Type           Power        Failure   Level  Hunger
 Dazzling Flash           Conj/Hex       ###...       11%         3    ###....
 Beastly Appendage        Tmut           #.....       14%         1    None
 Sticks to Snakes         Tmut           #.......     21%         2    #......
 Fulminant Prism          Conj/Hex       ###.......   36%         4    ####...
 Iskenderun's Mystic Bla  Conj/Tloc      ###.....     36%         4    ####...
 Spider Form              Tmut/Pois      #.........   38%         3    ###....
 Ice Form                 Ice/Tmut       #.......     80%         4    ####...
 Blade Hands              Tmut           #.........   98%         5    ######.


Dungeon Overview and Level Annotations

Branches:
Dungeon (5/15)
 Temple: D:4-7

Altars:
Cheibriados
Gozag
Hepliaklqana
Qazlal
Yredelemnul

Annotations:
D:3 Grinder, Sigmund
D:4 Blork the orc, Dowan, Duvessa
D:5 2 transporters, Menkaure, Prince Ribbit


Message History

Casting: Searing Ray (safe; 1% risk of failure)
Confirm with . or Enter, or press ? or * to list all spells.
Aiming: Searing Ray (safe; 1% risk of failure)
Press: ? - help, Shift-Dir - straight line, f/p - Prince Ribbit
Aim: Prince Ribbit The searing ray hits Prince Ribbit!
Prince Ribbit is moderately wounded. (Press . to maintain the ray.)
The searing ray hits Prince Ribbit!
Prince Ribbit is heavily wounded.
Prince Ribbit hits you!
The searing ray hits Prince Ribbit.
Prince Ribbit is severely wounded.
Prince Ribbit croaks regally.
Prince Ribbit hits you! Prince Ribbit hits you!!
* * * LOW HITPOINT WARNING * * *
The searing ray hits Prince Ribbit!
Prince Ribbit is almost dead.
You finish channeling your searing ray.
Prince Ribbit hits you!
You die...

.......#######
....#........#
..#.....###..#
........# #..##
..#####.###...#
#..# #.......#
#..###.......#
#...........#
##..#....@..#
##......F..#
##........# #.
#........# ...#.#
#........###
...##.#
#.......)..#
...##..#..........#
...##.#..........#
#+..##........(..#


You could see Prince Ribbit.

Vanquished Creatures
  An ogre (D:5)
  2 centaurs (D:5)
  A quasit (D:5)
  Crazy Yiuf (D:5)
  An orc priest (D:4)
  2 bullfrog skeletons
  4 worker ants (D:4)
  Jessica (D:3)
  An orc wizard (D:4)
  Terence (D:3)
  Natasha (thrice) (D:3)
  5 adders
  An ooze (D:4)
  5 worms
  2 dart slugs
  18 orcs
  7 bats
  5 giant cockroaches
  6 goblins
  9 hobgoblins
  8 jackals (D:3)
  8 kobolds
  3 quokkas
  A ball python (D:2)
  6 frilled lizards
  A jackal skeleton (D:4)
  7 rats
110 creatures vanquished.

Notes
Turn   | Place    | Note
-------+----------+-------------------------------------------
     0 | D:1      | Eurus the Human Conjurer began the quest for the Orb.
     0 | D:1      | Reached XP level 1. HP: 13/13 MP: 3/3
   256 | D:1      | Reached XP level 2. HP: 15/20 MP: 0/5
   263 | D:1      | Learned a level 2 spell: Searing Ray
   735 | D:2      | Reached skill level 1 in Fighting
   735 | D:2      | Reached XP level 3. HP: 14/26 MP: 2/6
   877 | D:2      | Found a hazy altar of Hepliaklqana.
   878 | D:2      | Found a basalt altar of Yredelemnul.
   879 | D:2      | Found a snail-covered altar of Cheibriados.
  1173 | D:2      | Found a faded altar of an unknown god.
  1431 | D:2      | Found a stormy altar of Qazlal.
  1458 | D:2      | Reached skill level 1 in Armour
  1460 | D:2      | Reached XP level 4. HP: 21/32 MP: 1/8
  2089 | D:3      | Noticed Natasha
  2101 | D:3      | Killed Natasha
  2143 | D:3      | Noticed Sigmund
  2300 | D:3      | Noticed Natasha
  2306 | D:3      | Killed Natasha
  2306 | D:3      | Reached XP level 5. HP: 38/38 MP: 5/9
  2704 | D:3      | Noticed Grinder
  2716 | D:3      | Paralysed by Grinder for 6 turns
  2724 | D:3      | Paralysed by Grinder for 3 turns
  2856 | D:3      | Noticed Jessica
  2869 | D:3      | Killed Jessica
  2869 | D:3      | Reached skill level 5 in Conjurations
  3309 | D:3      | Noticed Terence
  3327 | D:3      | Killed Terence
  3327 | D:3      | Reached XP level 6. HP: 23/44 MP: 2/11
  3580 | D:4      | Noticed Blork the orc
  3851 | D:4      | Noticed Duvessa
  3908 | D:3      | Noticed Natasha
  3911 | D:3      | Killed Natasha
  4090 | D:4      | Reached XP level 7. HP: 35/51 MP: 12/12
  4437 | D:4      | Noticed Dowan
  4765 | D:5      | Entered Level 5 of the Dungeon
  4868 | D:5      | Found a transporter.
  4876 | D:5      | Noticed a death knight
  4975 | D:5      | Found an opulent altar of Gozag.
  4976 | D:5      | Found a transporter.
  4995 | D:5      | Reached skill level 6 in Conjurations
  5042 | D:5      | Found a runed translucent door.
  5043 | D:5      | Noticed Crazy Yiuf
  5050 | D:5      | Killed Crazy Yiuf
  5423 | D:5      | Noticed Menkaure
  5681 | D:5      | Reached XP level 8. HP: 30/58 MP: 8/15
  5948 | D:5      | Noticed Prince Ribbit
  5985 | D:5      | Mangled by Prince Ribbit

Levels and vault maps discovered:
D:1:      lordsloth_arrival_two_stooges, layout_rooms, hex_tiny
D:2:      layout_loops_ring, gammafunk_temple_overflow_forgotten,
          lemuel_crystal_altar, chequers_ecumenical_altar_lobes, first_ration
D:3:      layout_loops_corners, uniq_grinder, uniq_natasha, uniq_sigmund,
          uniq_jessica, uniq_terence
D:4:      layout_basic, uniq_duvessa, uniq_blork_the_orc
D:5:      layout_loops_corners, gammafunk_temple_overflow_arena,
          minmay_parallelograms, uniq_prince_ribbit1, uniq_menkaure,
          uniq_crazy_yiuf_cottage

Skill      XL: |  1  2  3  4  5  6  7  8 |
---------------+-------------------------+-----
Fighting       | 1 2 3 |  3.3
Armour         | 1 2 3 |  3.0
Spellcasting   | 3 4 |  4.8
Conjurations   | 5 6 |  6.3
Dodging        | |  2.3
Stealth        | |  2.0

Action                   |  1- 3 |  4- 6 |  7- 9 || total
-------------------------+-------+-------+-------++-------
Melee: Dagger            |    43 |   140 |    32 ||   215
 Cast: Magic Dart        |    44 |    26 |     9 ||    79
       Searing Ray       |     3 |    14 |    15 ||    32
 Stab: Sleeping          |     4 |     5 |       ||     9
       Distracted        |       |     1 |       ||     1
  Eat: Chunk             |     2 |    10 |     6 ||    18
Armor: Robe              |     4 |    14 |     7 ||    25
Dodge: Dodged            |    30 |   101 |    34 ||   165

Table legend:
 A = Non-vault XP
 B = Vault XP
 C = Vault XP percentage of total XP
 D = Non-vault monster count
 E = Vault monster count
 F = Vault count percentage of total count
                 A         B        C        D         E       F
            +---------+---------+-------+---------+---------+-------
      Total |    1012 |     149 |  12.8 |     106 |       4 |   3.6
            +---------+---------+-------+---------+---------+-------
        D:1 |      22 |       0 |   0.0 |      15 |       0 |   0.0
        D:2 |      54 |       0 |   0.0 |      25 |       0 |   0.0
        D:3 |     154 |     108 |  41.2 |      31 |       3 |   8.8
        D:4 |     321 |       0 |   0.0 |      23 |       0 |   0.0
        D:5 |     461 |      41 |   8.2 |      12 |       1 |   7.7
            +---------+---------+-------+---------+---------+-------
